 Dungeon Crawl Stone Soup version 0.16.1-14-g82efdee (webtiles) character file.

855 karvarausku the Carver (level 8, 0/46 HPs)
             Began as a Tengu Fighter on Apr 13, 2015.
             Slain by a goliath beetle (24 damage)
             ... on level 6 of the Dungeon.
             The game lasted 00:09:22 (5478 turns).

karvarausku the Carver (Tengu Fighter)              Turns: 5478, Time: 00:09:22

Health: 0/46       AC:  9    Str: 25    XL:     8   Next: 1%
Magic:  11/11      EV:  5    Int:  8    God:
Gold:   296        SH: 10    Dex: 13    Spells: 0 memorised, 7 levels left

rFire  . . .     SeeInvis .     a - +0 long sword
rCold  . . .     Clarity  .     h - +0 chain mail
rNeg   . . .     SustAb   .     z - +0 shield
rPois  .         Gourm    .     (helmet restricted)
rElec  .         Spirit   .     (no cloak)
rCorr  .         Warding  .     (no gloves)
rMut   .         Stasis   .     (boots unavailable)
MR     .....                    (no amulet)
Stlth  ..........               (no ring)
                                (no ring)

@: mighty, not resistant to hostile enchantments, extremely unstealthy
A: able to fly, beak, talons 3
a: Fly


You were on level 6 of the Dungeon.
You were not hungry.

You visited 1 branch of the dungeon, and saw 6 of its levels.

You collected 296 gold pieces.

Inventory:

Hand weapons
 a - a +0 long sword (weapon)
Missiles
 o - a throwing net (quivered)
Armour
 b - a +0 scale mail
 c - a +0 shield
 h - a +0 chain mail (worn)
 z - a +0 shield (worn)
Magical devices
 f - a wand of draining (8)
Scrolls
 i - 2 scrolls of recharging {unknown}
 j - a scroll of fog {unknown}
 k - 8 scrolls of identify {unknown}
 n - a scroll of enchant weapon {unknown}
 p - 4 scrolls of remove curse {unknown}
 r - 2 scrolls of magic mapping {unknown}
 u - 2 scrolls of enchant armour {unknown}
 y - 3 scrolls of amnesia {unknown}
Potions
 g - a potion of ambrosia {unknown}
 q - a potion of curing {unknown}
 t - a potion of degeneration {unknown}
 v - a potion of berserk rage {unknown}
 x - a potion of cancellation {unknown}
Comestibles
 d - 6 bread rations
 l - 2 beef jerkies
 m - a slice of pizza
 s - 2 fruits
 w - 3 chunks of flesh


   Skills:
 - Level 3.0 Fighting
 + Level 9.8 Long Blades
 - Level 3.2 Armour
 - Level 3.0 Shields


You had 7 spell levels left.
You didn't know any spells.

Dungeon Overview and Level Annotations

Branches:
Dungeon (6/15)
 Temple: D:4-7

Altars:
Ashenzari
Nemelex Xobeh
Ru
Sif Muna
Trog
Xom
Zin
The Shining One

Portals:
Sewer: D:6


Innate Abilities, Weirdness & Mutations

You can fly.
You have a beak for a mouth.
You have claws for feet.


Message History

You block the gnoll's attack. The gnoll barely misses you.
The gnoll hits you but does no damage.
You slash the gnoll!
You kill the gnoll!
You have reached level 8!
You feel stronger. You block the gnoll's attack.
The gnoll hits you but does no damage.
You slash the gnoll!
You kill the gnoll!
You block the goliath beetle's attack.
Things that are here:
a spear; a gnoll corpse You hit the goliath beetle but do no damage.
Your peck misses the goliath beetle. You slash the goliath beetle!
You claw the goliath beetle.
The goliath beetle is moderately wounded.
The goliath beetle bites you!!
Ouch! That really hurt!
You die...

##. #).. ##..###
#$..... ###...#.#
.....#.# # #..##.#
######.###B....#######
.......)..@..........#
######.######.######.#
...... #.# ######. #g#
≈≈≈≈s#. #.#
≈≈∩≈s#.######.#
#≈≈≈sS#..gB..B##
#######..#....#
...........##<#


You could see a goliath beetle.

Vanquished Creatures
  Eustachio (D:5)
  An ogre (D:5)
  A crimson imp (D:5)
  2 giant frog zombies (D:4)
  A hound (D:6)
  A giant frog skeleton (D:5)
  An iguana (D:3)
  2 orc wizards (D:5)
  3 worker ants
  Ijyb (D:4)
  A hound zombie (D:4)
  Robin (D:2)
  7 gnolls
  7 adders
  A river rat (D:5)
  3 worms
  An ufetubus (D:5)
  An adder skeleton (D:4)
  An adder zombie (D:4)
  3 giant geckos
  5 orcs
  2 ball pythons
  3 bat skeletons
  A bat zombie (D:4)
  7 giant cockroaches
  15 goblins
  21 hobgoblins
  4 quokkas
  17 bats
  A giant gecko zombie (D:4)
  5 giant newts
  6 jackals (D:3)
  9 kobolds
  A quokka zombie (D:4)
  12 rats
149 creatures vanquished.

Notes
Turn   | Place    | Note
--------------------------------------------------------------
     0 | D:1      | karvarausku, the Tengu Fighter, began the quest for the Orb.
     0 | D:1      | Reached XP level 1. HP: 14/14 MP: 1/1
   150 | D:1      | Reached XP level 2. HP: 19/19 MP: 3/3
   501 | D:1      | Reached XP level 3. HP: 20/23 MP: 4/4
   686 | D:1      | Reached skill level 4 in Long Blades
  1034 | D:1      | Reached XP level 4. HP: 19/28 MP: 5/5
  1186 | D:2      | Reached skill level 5 in Long Blades
  1781 | D:2      | Noticed Robin
  1806 | D:2      | Reached XP level 5. HP: 30/32 MP: 7/7
  1828 | D:2      | Killed Robin
  2011 | D:2      | Found a shattered altar of Ashenzari.
  2018 | D:2      | Found a glowing silver altar of Zin.
  2022 | D:2      | Found a shimmering altar of Xom.
  2061 | D:2      | Found a sparkling altar of Nemelex Xobeh.
  2252 | D:3      | Reached skill level 6 in Long Blades
  2750 | D:3      | Found a deep blue altar of Sif Muna.
  3081 | D:3      | Reached XP level 6. HP: 28/37 MP: 8/8
  3405 | D:4      | Reached skill level 7 in Long Blades
  3790 | D:4      | Found a bloodstained altar of Trog.
  4069 | D:4      | Noticed Ijyb
  4083 | D:4      | Killed Ijyb
  4661 | D:5      | Entered Level 5 of the Dungeon
  4711 | D:5      | Reached skill level 8 in Long Blades
  4711 | D:5      | Reached XP level 7. HP: 41/41 MP: 9/9
  4808 | D:5      | Found a glowing golden altar of the Shining One.
  4812 | D:5      | Noticed Eustachio
  4838 | D:5      | Killed Eustachio
  4920 | D:5      | Reached skill level 9 in Long Blades
  5379 | D:5      | Found a sacrificial altar of Ru.
  5437 | D:6      | Found a glowing drain.
  5473 | D:6      | Reached XP level 8. HP: 23/46 MP: 11/11
  5478 | D:6      | Slain by a goliath beetle

Action                   |  1- 3 |  4- 6 |  7- 9 || total
-------------------------+-------+-------+-------++-------
Melee: Long sword        |    82 |   315 |    82 ||   479
Throw: Throwing net      |       |     3 |       ||     3
  Use: Potion            |       |     1 |     1 ||     2
  Eat: Chunk             |       |    12 |     3 ||    15
